 Dungeon Sprint DCSS version 0.18.1-50-g88ac8fd (webtiles) character file.

915 Kagutsuchi the Fighter (level 7, -8/99 HPs)
             Began as a Green Draconian Berserker on Oct 21, 2016.
             Was a Priest of Trog.
             Mangled by a polar bear (12 damage)
             ... in the Dungeon (Sprint II: "The Violet Keep of Menkaure").
             The game lasted 00:02:44 (297 turns).

Kagutsuchi the Fighter (Green Draconian Berserker)   Turns: 297, Time: 00:02:44

Health: -8/99      AC:  6    Str: 25    XL:     7   Next: 82%
Magic:  7/7        EV: 16    Int:  5    God:    Trog [***...]
Gold:   322        SH:  0    Dex: 12    Spells: 0 memorised, 6 levels left

rFire  . . .     SeeInvis .     a - +0 falchion
rCold  . . .     Gourm    .     (armour unavailable)
rNeg   . . .     Faith    .     (no shield)
rPois  +         Spirit   .     (helmet restricted)
rElec  .         Dismiss  .     (no cloak)
rCorr  .         Reflect  .     (no gloves)
SustAt .         Harm     .     (no boots)
MR     .....     Rnd*Rage +     (no amulet)
Stlth  .......... NoTele   +    (no ring)
                                (no ring)

@: berserking (expiring), very quick, not resistant to hostile enchantments,
extremely unstealthy
A: breathe noxious fumes, unfitting armour, berserk 1, dopey 1, frail 1, poison
resistance, cold-blooded, AC +6
a: Breathe Noxious Fumes, Berserk, Trog's Hand, Burn Spellbooks, Renounce
Religion


You were in the Dungeon.
You worshipped Trog.
Trog was most pleased with you.
You were completely stuffed.

You visited 1 branch You collected 729 gold pieces.
You spent 407 gold pieces at shops.

Inventory:

Hand Weapons
 a - a +0 falchion (weapon)
Scrolls
 h - a scroll of blinking
Potions
 c - 6 potions of curing
 d - 2 potions of heal wounds
 e - a potion of haste
 f - 2 potions of magic
 g - a potion of berserk rage
Comestibles
 b - a bread ration


   Skills:
 + Level 11.0 Fighting
 + Level 10.6 Long Blades
 + Level 9.4 Dodging
 + Level 0.2 Stealth


You had 6 spell levels left.
You didn't know any spells.

Dungeon Overview and Level Annotations

Branches:
Dungeon (1/1)

Altars:
Cheibriados
Dithmenos
Elyvilon
Fedhas
Gozag
Makhleb
Nemelex Xobeh
Pakellas
Qazlal
Ru
Sif Muna
Trog
Xom
Yredelemnul
Zin
The Shining One
Beogh
Jiyva

Shops:
D :*([==?!*}!:%:[[

Annotations:
D exclusions: ice statue and oklob plant


Innate Abilities, Weirdness & Mutations

You can breathe blasts of noxious fumes.
Your lurid green scales are hard (AC +6).
Your body does not fit into most forms of armour.
Your system is resistant to poisons.
You are cold-blooded and may be slowed by cold attacks.
You tend to lose your temper in combat.
You are dopey. (Int -2)
You are frail (-10% HP).


Message History

The polar bear claws you.
* * * LOW HITPOINT WARNING * * *
The polar bear claws you but does no damage.
Unknown command.
You barely miss the polar bear.
The polar bear is heavily wounded.
Unknown command.
You barely miss the polar bear.
The polar bear is heavily wounded.
The polar bear closely misses you.
The polar bear claws you but does no damage. x2
The polar bear barely misses you. x3
Unknown command.
You completely miss the polar bear. You tail-slap the polar bear!
The polar bear is severely wounded.
Unknown command.
You closely miss the polar bear.
Your tail-slap misses the polar bear.
The polar bear is severely wounded.
The polar bear bites you!
You die...

##...##.####
#..#..#....# .#
##.#.####..## .# ###'##
##..# .# # .##.## #..#
.# .# #†.<.+ +..###
.##.# $ .##.##
#....###y..##▓▓ ###'##
##......hh≈≈≈≈≈≈
##...####≈≈.....@#c#####
#..##.#≈≈≈≈≈≈§..≈#......
####.##≈≈≈≈§§§≈.≈#._._..
≈##'##≈≈≈≈≈≈≈≈≈§≈#_._._.
≈≈≈≈≈≈≈≈≈≈≈≈≈§§≈≈#._._._
+++#+++#§≈§§≈≈§≈≈#_._._.
≈≈§§ ##§§≈###≈§#._._._
§≈≈§≈≈##§≈# #§§#.._._.
≈≈8≈≈§≈≈+≈≈# #≈§#..._._


You could see 2 polar bears, a yaktaur and a wasp.

Vanquished Creatures
  4 neqoxecs (D)
  4 necrophages (D)
  A crocodile (D)
  3 worms (D)
12 creatures vanquished.

Vanquished Creatures (others)
  Menkaure (D)
  A crocodile (D)
2 creatures vanquished.

Grand Total: 14 creatures vanquished

Notes
Turn   | Place    | Note
--------------------------------------------------------------
     0 | D        | Kagutsuchi the Draconian Berserker began the quest for the Orb.
     0 | D        | Reached XP level 1. HP: 19/19 MP: 1/1
     1 | D        | Noticed a necrophage
     1 | D        | Noticed a necrophage
     1 | D        | Noticed a necrophage
     1 | D        | Noticed a necrophage
     4 | D        | Killed a necrophage
     4 | D        | Reached skill level 6 in Fighting
     4 | D        | Reached skill level 5 in Long Blades
     4 | D        | Reached skill level 5 in Dodging
     4 | D        | Reached XP level 2. HP: 30/30 MP: 2/2
     4 | D        | Reached XP level 3. HP: 37/37 MP: 3/3
     4 | D        | Reached XP level 4. HP: 44/44 MP: 4/4
     8 | D        | Killed a necrophage
     8 | D        | Reached skill level 7 in Fighting
     8 | D        | Reached XP level 5. HP: 52/52 MP: 5/5
    10 | D        | Killed a necrophage
    10 | D        | Reached skill level 8 in Fighting
    15 | D        | Killed a necrophage
    15 | D        | Reached skill level 9 in Fighting
    15 | D        | Reached XP level 6. HP: 63/63 MP: 6/6
    35 | D        | Killed Menkaure
    37 | D        | Reached ** piety under Trog
    70 | D        | Noticed a neqoxec
    70 | D        | Noticed a neqoxec
    70 | D        | Noticed a neqoxec
    70 | D        | Noticed a neqoxec
    71 | D        | Gained mutation: You are dopey. (Int -2) [a neqoxec]
    72 | D        | Gained mutation: Your spells are a little harder to cast, but a little more powerful. [a neqoxec]
    77 | D        | Killed a neqoxec
    79 | D        | Gained mutation: You are frail (-10% HP). [a neqoxec]
    82 | D        | Killed a neqoxec
    82 | D        | Reached skill level 10 in Fighting
    82 | D        | Your scales start taking on a lurid green colour.
    82 | D        | Reached XP level 7. HP: 64/64 MP: 7/7
    82 | D        | Gained mutation: Your system is resistant to poisons. [Green Draconian growth]
    83 | D        | Gained mutation: You tend to lose your temper in combat. [a neqoxec]
    86 | D        | Lost mutation: Your spells are a little harder to cast, but a little more powerful. [a neqoxec]
    87 | D        | Killed a neqoxec
    87 | D        | Reached *** piety under Trog
    87 | D        | Reached skill level 10 in Long Blades
    95 | D        | Killed a neqoxec
   108 | D        | Noticed an orange crystal statue
   111 | D        | Found Onunwim's Armour Shop.
   113 | D        | Found Duliriyr's Antique Armour Boutique.
   115 | D        | Found Unugiterr's Food Boutique.
   115 | D        | Found Evihaci's Book Shop.
   117 | D        | Found Kaxameof's Gadget Shop.
   117 | D        | Found Muolezey's General Store.
   118 | D        | Found Fallakluru's Jewellery Boutique.
   118 | D        | Found Qerad's Jewellery Shop.
   119 | D        | Found Ivuupluk's Distillery.
   120 | D        | Found Matreget's Antique Weapon Shop.
   120 | D        | Found Asocof's General Store.
   121 | D        | Found Reremucw's Distillery.
   121 | D        | Found Jygacs's Antique Armour Boutique.
   122 | D        | Found Leoqyhi's Book Shop.
   122 | D        | Found Dush's Magic Scroll Boutique.
   125 | D        | Noticed an iron elemental
   125 | D        | Noticed an oklob plant
   126 | D        | Found Nur Xoep's Book Shoppe.
   134 | D        | Bought a potion of curing for 39 gold pieces
   134 | D        | Bought a potion of heal wounds for 65 gold pieces
   134 | D        | Bought a potion of curing for 39 gold pieces
   138 | D        | Bought a potion of heal wounds for 55 gold pieces
   138 | D        | Bought a potion of curing for 33 gold pieces
   138 | D        | Bought a potion of curing for 33 gold pieces
   138 | D        | Bought a potion of curing for 33 gold pieces
   149 | D        | Reached skill level 11 in Fighting
   160 | D        | Bought a meat ration for 55 gold pieces
   160 | D        | Bought a bread ration for 55 gold pieces
   253 | D        | Noticed an ice statue
   274 | D        | Found a white marble altar of Elyvilon.
   274 | D        | Found a blossoming altar of Fedhas.
   275 | D        | Found a glowing silver altar of Zin.
   275 | D        | Found a shimmering altar of Xom.
   275 | D        | Found an oddly glowing altar of Pakellas.
   276 | D        | Found a viscous altar of Jiyva.
   276 | D        | Found a sparkling altar of Nemelex Xobeh.
   276 | D        | Found a deep blue altar of Sif Muna.
   277 | D        | Found an opulent altar of Gozag.
   277 | D        | Found a basalt altar of Yredelemnul.
   277 | D        | Found a glowing golden altar of the Shining One.
   277 | D        | Found a shadowy altar of Dithmenos.
   278 | D        | Found a bloodstained altar of Trog.
   278 | D        | Found a stormy altar of Qazlal.
   278 | D        | Found a roughly hewn altar of Beogh.
   278 | D        | Noticed a polar bear
   279 | D        | Found a sacrificial altar of Ru.
   279 | D        | Found a burning altar of Makhleb.
   279 | D        | Found a snail-covered altar of Cheibriados.
   280 | D        | Noticed a polar bear
   281 | D        | Noticed a yaktaur
   293 | D        | HP: 3/99 [polar bear (5)]
   297 | D        | Mangled by a polar bear

Skill      XL: |  1  2  3  4  5  6  7 |
---------------+----------------------+-----
Fighting       | 6 7 9 10 11 | 11.0
Long Blades    | 5 6 8 9 10 | 10.6
Dodging        | 5 6 7 8 9 |  9.4
Stealth        | |  0.2

Action                   |  1- 3 |  4- 6 |  7- 9 || total
-------------------------+-------+-------+-------++-------
Melee: Falchion          |     2 |    35 |    33 ||    70
       Tailslap          |     1 |     6 |     6 ||    13
Invok: Berserk           |     1 |     1 |     1 ||     3
  Use: Potion            |       |       |     1 ||     1
  Eat: Meat ration       |       |       |     1 ||     1
       Bread ration      |       |       |     1 ||     1
Armor: Skin              |       |     1 |    23 ||    24
Dodge: Dodged            |     1 |    10 |    47 ||    58
